 Dungeon Crawl Stone Soup version 0.27-a0-385-g3208abaabc (webtiles) character file.

Game seed: 3933027576324352539

26 dickylongcocking the Charlatan (level 2, 0/24 HPs)
             Began as a Deep Dwarf Artificer on Feb 20, 2021.
             Slain by a hobgoblin
             ... wielding a +0 club
              (5 damage)
             ... on level 1 of the Dungeon.
             The game lasted 00:01:06 (261 turns).

dickylongcocking the Charlatan (DDAr)                Turns: 261, Time: 00:01:07

Health: 0/24       AC:  3    Str: 15    XL:     2   Next: 89%
Magic:  2/2        EV: 11    Int: 11    God:
Gold:   21         SH:  0    Dex: 13    Spells: 1/1 levels left

rFire    . . .     SeeInvis .   g - +2 dagger (venom)
rCold    . . .     Faith    .   (no shield)
rNeg     . . .     Spirit   .   b - +0 leather armour
rPois    .         Reflect  .   (no helmet)
rElec    .         Harm     .   (no cloak)
rCorr    .         Rampage  .   (no gloves)
Will     .....                  (no boots)
Stlth    +.........             (no amulet)
HPRegen  0.00/turn              (no ring)
MPRegen  0.08/turn              (no ring)

@: attractive, non-regenerating
A: damage resistance, heal wounds, sense surroundings 1, no regeneration
a: Heal Wounds


You were on level 1 of the Dungeon.
You visited 1 branch of the dungeon, and saw 1 of its levels.

You collected 21 gold pieces.

Inventory:

Hand Weapons
 a - a +0 club
 g - a +2 dagger of venom (weapon)
Armour
 b - a +0 leather armour (worn)
Wands
 d - a wand of charming (8)
 e - a wand of random effects (14)
Scrolls
 c - a scroll of immolation {unknown}
 h - a scroll of amnesia {unknown}


   Skills:
 - Level 0.8 Fighting
 + Level 2.8 Armour
 - Level 1.1 Dodging
 - Level 1.2 Stealth
 * Level 5.1 Evocations


You had one spell level left.
You didn't know any spells.
Your spell library was empty.

Dungeon Overview and Level Annotations

Branches:
Dungeon (1/15)

Altars:


Innate Abilities, Weirdness & Mutations

You are resistant to damage.
You can heal yourself by infusing magical energy.
You passively map a small area around you.
You do not regenerate.


Message History

The hobgoblin shouts!
A hobgoblin comes into view. It is wielding a +0 club.
The leopard gecko closely misses you.
You are too injured to fight recklessly!
You hit the leopard gecko but do no damage.
The leopard gecko is severely wounded.
A kobold comes into view.
The leopard gecko barely misses you.
You closely miss the leopard gecko.
The leopard gecko is almost dead.
The kobold shouts!
You kill the leopard gecko!
The bat hits you but does no damage.
It was a potion of attraction.
You feel attractive to monsters. The bat closely misses you.
The hobgoblin is pulled toward you! x2
The kobold is pulled toward you!
You don't know any spells.
Unknown command.
Aiming: Charm
Press: ? - help, Shift-Dir - straight line, f - hobgoblin
Aim: a hobgoblin, wielding a +0 club (chance to affect: 76%)
The hobgoblin barely resists.
The bat misses you. The hobgoblin misses you.
The hobgoblin is pulled toward you! The kobold is pulled toward you!
Unknown command.
Unknown command.
Aiming: Charm
Press: ? - help, Shift-Dir - straight line, f/p - hobgoblin
Aim: a hobgoblin, wielding a +0 club (chance to affect: 76%)
The hobgoblin is charmed.
The bat closely misses you. The bat hits you but does no damage.
The kobold barely misses your hobgoblin.
The hobgoblin closely misses you.
Unknown command.
Okay, then.
You barely miss the hobgoblin. The bat closely misses you.
The bat closely misses your hobgoblin.
Your hobgoblin barely misses the bat.
The kobold closely misses your hobgoblin.
The hobgoblin hits you with a +0 club!
You die...

* ## , , *.. #...... ** , *
*##. ........, ,# * #..
#.##.......** .###* ..
#.##....?.. ,..... .##
#.........###... ,
..#####.##.....K#b..# *
#,,...#.##.....g...#
#####....#.....g@#.#
....###†.#.......#.#
................#..#
....###...........########*
...).#....................
, ,
.....#...#........########
#..#))..###.....#.#
##........#.....#.#
#........#.#.†...# ####


You could see a hobgoblin, a bat (ally target), a kobold and a friendly
hobgoblin (charmed).

Vanquished Creatures
  An ooze (D:1)
  A leopard gecko (D:1)
  4 goblins (D:1)
  2 hobgoblins (D:1)
  3 jackals (D:1)
  2 kobolds (D:1)
  2 bats (D:1)
  A frilled lizard (D:1)
  A rat (D:1)
17 creatures vanquished.

Vanquished Creatures (collateral kills)
  A giant cockroach (D:1)
  A hobgoblin (D:1)
  A frilled lizard (D:1)
3 creatures vanquished.

Vanquished Creatures (others)
  A goblin (D:1)
  A jackal (D:1)
2 creatures vanquished.

Grand Total: 22 creatures vanquished

Notes
Turn   | Place    | Note
-------+----------+-------------------------------------------
     0 | D:1      | dickylongcocking the Deep Dwarf Artificer began the quest
                  | for the Orb.
     0 | D:1      | Reached XP level 1. HP: 16/16 MP: 1/1
    47 | D:1      | Reached XP level 2. HP: 6/24 MP: 2/2
   228 | D:1      | Reached skill level 5 in Evocations
   261 | D:1      | Slain by a hobgoblin

Illustrated notes

Levels and vault maps discovered:
D:1:      moated_graveyard_arrival, layout_rooms

Skill      XL: |  1  2 |
---------------+-------+-----
Evocations     | 5 |  5.1
Fighting       | |  0.8
Armour         | |  2.8
Dodging        | |  1.1
Stealth        | |  1.2

Action                   || total
-------------------------++-------
Melee: Club              ||    28
       Dagger            ||     4
Evoke: Wand              ||    23
  Use: Potion            ||     1
 Stab: Sleeping          ||     1
Armor: Leather armour    ||    21
Dodge: Dodged            ||    46

Table legend: (Time is in decaauts)
 A = Elapsed time spent in this place.
 B = Non-inter-level travel time spent in this place.
 C = Inter-level travel time spent in this place.
 D = Time resting spent in this place.
 E = Time spent auto-exploring this place.
 F = Levels seen in this place.
 G = Mean time per level.
                   A        B        C        D        E       F      G
               +--------+--------+--------+--------+--------+-----+--------+
         Total |    268 |    268 |      0 |    100 |     68 |   1 |  268.0 |
       Dungeon |    268 |    268 |      0 |    100 |     68 |   1 |  268.0 |
               +--------+--------+--------+--------+--------+-----+--------+

Top non-repeatable levels by time:
     D:1: 268 daAuts
